 Dungeon Crawl Stone Soup version bcrawl-1.34.4 (webtiles) character file.

Game seed: 547376307051579360

187847 KristoblXynda the Skirmisher (level 6, -5/82 HPs)
             Began as a Draconian Gladiator on Oct 21, 2021.
             Was an Initiate of Ashenzari.
             Slain by a mummy (6 damage)
             ... in an ossuary.
             The game lasted 00:04:13 (2950 turns).

KristoblXynda the Skirmisher (Draconian Gladiator)  Turns: 2950, Time: 00:04:13

Health: -5/82      AC: 23    Str: 18    XL:     6   Next: 30%
Magic:  6/6        EV:  1    Int:  9    God:    Ashenzari [......]
Gold:   223        SH:  1    Dex: 17    Spells: 5/5 levels left

rFire    . . .     SeeInvis +   a - +0 long sword
rCold    + . .     Gourm    .   (no shield)
rNeg     + + +     Faith    .   (armour unavailable)
rPois    +         Spirit   .   (helmet currently unavailable)
rElec    .         Reflect  .   (cloak currently unavailable)
rCorr    .         Harm     .   (gloves currently unavailable)
MR       .....     NoTele   +   (boots currently unavailable)
Stlth    +++.......             s - amulet of Vision {SInv *Curse} (curse)
HPRegen  0.23/turn              n - ring of positive energy (curse)
MPRegen  0.10/turn              l - ring of protection from cold

@: agile, tree-form
A: giant, unfitting armour, AC +6
a: Curse Item, Renounce Religion


You were in an ossuary.
You worshipped Ashenzari.
Ashenzari was noncommittal.
You were not hungry.
You were a tree.
You visited 1 branch of the dungeon, and saw 4 of its levels.
You also visited: Ossuary.

You collected 223 gold pieces.

Inventory:

Hand Weapons
 a - a +0 long sword (weapon)
 i - a +0 rapier of speed
Missiles
 c - 3 throwing nets {=f}
Armour
 b - a +1 hat (melded)
Jewellery
 l - a ring of protection from cold (right branch)
 n - a cursed ring of positive energy (left branch)
 s - the cursed amulet of Vision (around neck) {SInv *Curse}
   (You found it on level 3 of the Dungeon)

   [amulet of nothing]

   It lets you see invisible.
   It curses itself when equipped.
   It has a curse placed upon it.
Scrolls
 g - a scroll of remove curse {unknown}
 m - a scroll of fear {unknown}
 o - 2 scrolls of blinking
 q - 2 scrolls of fog
 r - 2 scrolls of teleportation {unknown}
Potions
 f - 2 potions of flight
 j - 3 potions of curing
 k - a potion of lignification
 p - a potion of degeneration {unknown}
 t - a potion of cancellation {unknown}
Comestibles
 e - a ration {!d}


   Skills:
 + Level 4.8 Fighting
 * Level 4.4 Long Blades
 - Level 3.3 Throwing
 + Level 3.9 Dodging


You had 5 spell levels left.
You didn't know any spells.
Your spell library was empty.

Dungeon Overview and Level Annotations

Branches:
Dungeon (4/12)
 Temple: D:4-7

Altars:
Ashenzari
Fedhas
Nemelex Xobeh
Trog
Uskayaw
Xom


Innate Abilities, Weirdness & Mutations

((Your plain brown scales are hard. (AC +6)))
You cannot fit into any form of body armour.
((You are cold-blooded and may be slowed by cold attacks.))


Message History

You hit the mummy.
The mummy is severely damaged.
The mummy hits you but does no damage.
The big kobold zombie hits you but does no damage.
The mummy hits you!
* * * LOW HITPOINT WARNING * * *
You hit the mummy.
The mummy is severely damaged.
The mummy hits you.
* * * LOW HITPOINT WARNING * * *
The big kobold zombie hits you.
* * * LOW HITPOINT WARNING * * *
You hit the mummy but do no damage.
The mummy is severely damaged.
The mummy hits you but does no damage.
You hit the mummy.
The mummy is almost destroyed.
The big kobold zombie hits you but does no damage.
The mummy hits you.
You die...

#....#
#....#
#....#
#....#
#....#
#....#
#ZZ..#
#MM..#
#♣ZZ.#
######


You could see 2 mummies, a hobgoblin zombie, a big kobold zombie and 2 orc
zombies.

Vanquished Creatures
  A hungry ghost (D:4)
  A hound (D:4)
  A bullfrog skeleton (D:2)
  2 mummies (Ossuary)
  3 adders (D:3)
  2 oozes
  An adder skeleton (D:4)
  2 worms
  A dart slug (D:2)
  6 orcs (D:4)
  2 ball pythons
  6 giant cockroaches (D:2)
  A gnoll zombie (Ossuary)
  7 goblins
  8 hobgoblins
  11 jackals
  7 bats
  5 frilled lizards
  A hobgoblin zombie (Ossuary)
  7 kobolds
  A kobold zombie (Ossuary)
  An orc zombie (Ossuary)
  6 rats
83 creatures vanquished.

Notes
Turn   | Place    | Note
-------+----------+-------------------------------------------
     0 | D:1      | KristoblXynda the Draconian Gladiator began the quest for
                  | the Orb.
     0 | D:1      | Reached XP level 1. HP: 19/19 MP: 1/1
   187 | D:1      | Reached XP level 2. HP: 24/26 MP: 2/2
   893 | D:2      | Reached XP level 3. HP: 33/33 MP: 3/3
   999 | D:2      | Reached XP level 4. HP: 5/40 MP: 4/4
  2049 | D:3      | Found a blossoming altar of Fedhas.
  2051 | D:3      | Found a hide-covered altar of Uskayaw.
  2056 | D:3      | Found a bloodstained altar of Trog.
  2090 | D:3      | Found a sparkling altar of Nemelex Xobeh.
  2114 | D:3      | Found a shattered altar of Ashenzari.
  2126 | D:3      | Became a worshipper of Ashenzari the Shackled
  2127 | D:3      | Found the cursed amulet of Vision {SInv *Curse}
  2605 | D:4      | Reached XP level 5. HP: 32/46 MP: 5/5
  2650 | D:4      | Found a shimmering altar of Xom.
  2749 | D:4      | Noticed a hungry ghost
  2793 | D:4      | Killed a hungry ghost
  2794 | D:4      | Reached XP level 6. HP: 22/53 MP: 6/6
  2815 | D:4      | Found a sand-covered staircase.
  2824 | Ossuary  | Entered an ossuary
  2948 | Ossuary  | HP: 2/82 [mummy (5)]
  2950 | Ossuary  | Slain by a mummy

Skill      XL: |  1  2  3  4  5 |
---------------+----------------+-----
Throwing       | 2 3 |  3.3
Dodging        | 3 |  3.9
Fighting       | 4 |  4.8
Long Blades    | 4 |  4.4

Action                   |  1- 3 |  4- 6 || total
-------------------------+-------+-------++-------
Melee: Long sword        |    99 |   184 ||   283
       Tailslap          |     8 |    17 ||    25
       Rapier            |       |    14 ||    14
Invok: Curse Item        |       |     1 ||     1
  Use: Scroll            |       |     5 ||     5
       Potion            |       |     6 ||     6
  Eat: Chunk             |     2 |     6 ||     8
       Ration            |       |     6 ||     6
Armor: Skin              |    35 |    98 ||   133
Dodge: Dodged            |    96 |   129 ||   225
Block: Other             |     1 |     8 ||     9
